Map: Rooftop Terrace

Players

A.I. 1 (Elite)

  • Race: Terran Terran
  • Spawn Location: 7:00

A.I. 2 (Elite)

  • Race: Terran Terran
  • Spawn Location: 11:00

VOD

Have the link to the VOD?

Description

Time

  • Played on: Aug. 23, 2017, 8:39 p.m.
  • Length: 34:59
Show
View Real Time Build Order
Export as new Build Order

A.I. 1 (Elite) Terran 

Build Orders: MMM Bio 

Get SALT Encoding   

  12  0:01  SCV  
  13  0:13  SCV  
  14  0:19  Supply Depot  
  14  0:25  SCV  
  15  0:41  SCV  
  16  0:53  SCV  
  16  0:56  Refinery  
  17  0:58  Barracks  
  17  1:05  SCV  
  18  1:17  SCV  
  19  1:29  Command Center  
  19  1:38  Supply Depot  
  19  1:42  SCV  
  19  1:47  Marine  
  21  2:01  Factory  
  21  2:15  SCV  
  22  2:16  Barracks  
  22  2:19  Marine  
  23  2:27  SCV  
  24  2:33  Supply Depot  
  24  2:39  Marine, SCV  
  26  2:46  Factory Tech Lab  
  26  2:49  SCV  
  27  2:59  Orbital Command  
  27  3:05  Refinery  
  27  3:06  Marine  
  28  3:16  Orbital Command  
  28  3:18  Marine  
  29  3:24  Marine  
  29  3:25  SCV  
  31  3:36  Marine  
  31  3:37  SCV  
  34  3:41  SCV  
  34  3:42  Marine  
  35  3:49  SCV  
  35  3:53  SCV  
  35  3:54  Marine, Barracks  
  38  4:00  Barracks Tech Lab  
  38  4:01  SCV  
  39  4:05  SCV  
  39  4:09  Supply Depot  
  40  4:12  Barracks Tech Lab  
  40  4:13  SCV  
  41  4:17  SCV  
  41  4:18  Marine  
  41  4:21  Stimpack  
  43  4:25  SCV  
  43  4:26  Siege Tank  
  43  4:29  SCV  
  43  4:30  Marine, Combat Shields  
  49  4:36  Marine  
  49  4:37  SCV  
  50  4:40  Marine  
  50  4:41  SCV  
  52  4:48  Engineering Bay, Marauder  
  52  4:50  SCV  
  55  4:54  Marauder  
  57  5:00  Supply Depot  
  57  5:01  SCV  
  57  5:04  SCV  
  59  5:09  Marauder  
  59  5:13  SCV  
  62  5:14  Terran Infantry Weapons Level 1  
  62  5:20  Refinery  
  62  5:22  SCV, Marauder  
  62  5:23  Supply Depot  
  62  5:26  SCV  
  66  5:31  Marauder  
  66  5:34  SCV  
  69  5:38  SCV  
  69  5:39  Refinery  
  70  5:45  Barracks Reactor, Engineering Bay, Marauder  
  70  5:46  SCV  
  70  5:47  Supply Depot  
  73  5:50  SCV  
  73  5:52  Marine  
  73  5:54  Command Center  
  75  6:02  SCV  
  75  6:04  SCV  
  77  6:09  Marauder  
  77  6:10  Supply Depot  
  77  6:11  Terran Infantry Armor Level 1  
  79  6:12  Marauder  
  79  6:13  Concussive Shells  
  79  6:14  SCV  
  79  6:16  SCV  
  83  6:26  SCV  
  83  6:29  Starport  
  83  6:30  Marauder  
  83  6:32  SCV  
  87  6:34  Supply Depot, Marauder  
  87  6:35  Marine  
  87  6:36  Marine  
  91  6:44  Missile Turret  
  91  6:45  Missile Turret  
  91  6:54  Barracks  
  91  6:56  Marauder x2  
  91  6:57  Supply Depot  
  91  6:58  Marine  
  91  6:59  Marine  
  97  7:06  SCV  
  97  7:08  Medivac, SCV x2  
  102  7:16  Marine  
  102  7:18  SCV  
  102  7:21  SCV x2  
  106  7:27  Supply Depot  
  106  7:29  Missile Turret  
  106  7:30  SCV  
  106  7:32  Marine  
  106  7:33  Missile Turret, SCV  
  106  7:34  SCV  
  110  7:37  Medivac  
  110  7:38  Marauder  
  110  7:43  SCV  
  115  7:45  SCV  
  115  7:46  SCV  
  115  7:51  Marauder  
  119  7:54  Supply Depot  
  119  7:55  SCV  
  119  7:57  SCV  
  122  7:58  SCV  
  122  7:59  Marauder  
  122  8:01  Missile Turret  
  124  8:07  SCV  
  124  8:10  Viking, Orbital Command, Armory  
  124  8:11  SCV  
  124  8:12  Marauder  
  130  8:19  Supply Depot  
  130  8:23  Missile Turret  
  130  8:36  Marine  
  130  8:37  Siege Tank  
  130  8:40  Marine x3  
  130  8:41  Marine, Starport Tech Lab  
  108  8:49  Refinery  
  108  8:54  Marine, Refinery  
  109  8:57  Terran Infantry Weapons Level 2  
  109  8:58  Marine, Terran Infantry Armor Level 2  
  109  8:59  Marine x2, Viking  
  114  9:06  Marine  
  114  9:09  Siege Tank  
  118  9:11  Marine, SCV  
  118  9:12  Liberator  
  118  9:15  Marine  
  118  9:17  Marine, Supply Depot  
  121  9:18  Marine  
  106  9:24  Marine  
  106  9:28  Missile Turret  
  106  9:30  Marauder  
  110  9:33  Marine, Command Center  
  110  9:34  Marine  
  110  9:36  Marauder  
  114  9:41  Siege Tank  
  114  9:42  Marine  
  118  9:51  Marine, Marauder  
  121  9:52  Marine  
  121  9:58  Marauder  
  124  10:00  Marine  
  124  10:01  Supply Depot  
  125  10:09  Marine  
  125  10:10  Marine  
  125  10:12  Raven  
  125  10:13  Siege Tank, Marauder  
  134  10:17  Marine  
  134  10:19  Marauder  
  137  10:23  Factory  
  137  10:26  Supply Depot  
  137  10:30  Marine  
  137  10:31  Marine  
  137  10:34  Marauder  
  141  10:35  Marine  
  141  10:37  Missile Turret  
  141  10:39  Missile Turret  
  141  10:41  Marauder  
  144  10:48  Marine  
  144  10:49  Planetary Fortress, Refinery  
  145  10:55  Medivac, Marauder  
  149  10:58  Missile Turret, Command Center  
  149  11:02  Missile Turret, Marauder  
  151  11:06  Missile Turret  
  151  11:07  Refinery  
  151  11:13  Ghost Academy  
  151  11:15  Marine  
  151  11:16  Terran Infantry Weapons Level 3  
  151  11:17  Marine, Starport, Marauder  
  151  11:18  Factory Tech Lab  
  155  11:19  Terran Infantry Armor Level 3, Armory  
  155  11:20  Marine  
  155  11:23  Marauder  
  155  11:25  Raven  
  160  11:29  Supply Depot  
  160  11:32  Missile Turret  
  160  11:33  Marine  
  160  11:35  Marine  
  160  11:38  Marine, Marauder  
  165  11:45  Marauder  
  167  11:51  Marine, Hellion  
  167  11:52  Factory, Hellion  
  172  11:54  Medivac  
  172  11:55  Supply Depot  
  172  11:59  Ghost  
  176  12:06  Marauder  
  176  12:08  Viking  
  177  12:09  Terran Vehicle Weapons Level 1  
  177  12:12  Siege Tank  
  177  12:13  Hellion  
  182  12:20  Liberator  
  182  12:23  Refinery  
  182  12:25  Starport Reactor  
  182  12:28  Refinery  
  177  12:34  Terran Vehicle And Ship Armor Level 1, Thor  
  177  12:36  Hellion  
  178  12:44  Liberator, Hellion  
  168  12:57  Hellion  
  155  12:59  Marine  
  155  13:00  Marine  
  155  13:02  Marine x2, Marauder  
  155  13:03  Viking, Liberator  
  128  13:05  Siege Tank  
  112  13:17  Thor, Marauder  
  112  13:18  Marine  
  112  13:19  Hellion  
  123  13:20  Marine x2  
  123  13:23  Marauder  
  130  13:33  Viking  
  132  13:35  Infernal Pre-Igniter  
  132  13:36  Marine  
  132  13:37  Siege Tank  
  132  13:38  Marauder  
  132  13:40  Hellion  
  140  13:42  Planetary Fortress  
  140  13:45  Marauder  
  140  13:46  Missile Turret  
  140  13:48  Missile Turret  
  142  13:51  Missile Turret  
  142  13:54  Missile Turret  
  142  13:59  Medivac  
  142  14:00  Thor, Marauder  
  142  14:01  Widow Mine  
  154  14:03  Raven  
  154  14:05  Terran Vehicle Weapons Level 2  
  154  14:06  Marauder  
  161  14:10  Siege Tank  
  161  14:18  Medivac  
  161  14:21  Liberator, Marauder  
  165  14:28  Marauder  
  165  14:29  Widow Mine  
  170  14:39  Command Center  
  170  14:40  Marine  
  170  14:41  Marine  
  170  14:42  Siege Tank  
  170  14:43  Hellion, Marauder  
  170  14:44  Marine  
  177  14:46  Raven, Terran Vehicle And Ship Armor Level 2  
  179  14:58  Factory Tech Lab  
  179  14:59  Viking  
  181  15:00  Marine  
  181  15:02  Marine  
  181  15:03  Marine  
  181  15:04  Thor  
  181  15:05  Marine  
  193  15:14  Hellion  
  193  15:17  Siege Tank  
  196  15:35  Cyclone  
  199  15:45  Factory  
  199  15:48  Hi-Sec Auto Tracking  
  199  15:53  Fusion Core, Planetary Fortress  
  199  16:04  Missile Turret  
  199  16:07  Missile Turret  
  199  16:11  Missile Turret  
  199  16:12  Building Armor  
  199  16:13  Siege Tank  
  199  16:17  Command Center  
  199  16:18  Marauder  
  199  16:19  Marauder  
  199  16:21  Viking  
  199  16:22  Marine  
  199  16:23  Viking x2  
  199  16:24  Marine x2  
  172  16:31  Hellion  
  143  16:33  Hellion  
  143  16:35  Hellion  
  143  16:36  Liberator  
  143  16:39  Marine  
  133  16:40  Marine, Marauder  
  133  16:42  Marine  
  133  16:43  Marine  
  133  16:45  Siege Tank  
  132  16:49  SCV  
  132  16:51  Medivac  
  132  16:52  Hellion  
  132  16:53  Viking  
  141  16:55  Hellion  
  141  16:57  Marine, Siege Tank  
  147  17:02  Marauder  
  147  17:04  Liberator  
  149  17:13  Marine, Widow Mine  
  149  17:14  Marine  
  149  17:15  Marine, Marauder  
  156  17:16  Cyclone  
  156  17:17  Hellion  
  156  17:18  Liberator  
  164  17:23  Medivac, Marauder  
  164  17:28  Widow Mine  
  170  17:30  Marine  
  170  17:32  Planetary Fortress  
  170  17:36  Liberator, Marauder  
  176  17:39  Hellion  
  176  17:41  Missile Turret  
  176  17:42  Thor  
  184  17:45  Marauder  
  186  17:54  Missile Turret, Terran Vehicle Weapons Level 3  
  186  17:57  Siege Tank, Missile Turret  
  186  17:58  Marauder  
  194  17:59  Terran Vehicle And Ship Armor Level 3  
  194  18:04  Medivac  
  195  18:06  Marauder  
  197  18:13  SCV  
  197  18:19  Marauder  
  200  18:29  Command Center  
  200  18:37  Advanced Ballistics  
  200  19:08  Barracks Tech Lab, Barracks  
  200  19:27  Refinery  
  200  19:29  Refinery  
  200  19:36  Refinery  
  200  19:38  Liberator, Refinery  
  200  19:41  Planetary Fortress  
  200  19:45  Liberator  
  200  19:51  Marauder  
  200  19:52  Marauder  
  200  19:53  Marauder  
  200  19:55  Marine, Refinery  
  200  19:56  Marine  
  200  19:57  Marine, Widow Mine  
  200  19:58  Medivac  
  200  19:59  Siege Tank  
  187  20:00  Siege Tank  
  187  20:03  Cyclone  
  175  20:10  Missile Turret  
  175  20:12  Marine, Marauder  
  175  20:14  Marine, Marauder x2  
  169  20:15  Marine  
  169  20:17  Missile Turret  
  169  20:20  Missile Turret  
  149  20:26  Siege Tank  
  149  20:28  Medivac  
  148  20:30  Marine  
  148  20:31  Marine, Widow Mine  
  148  20:32  Siege Tank  
  148  20:33  Marine  
  148  20:34  Marauder  
  148  20:35  Marine x2, Cyclone  
  163  20:38  Medivac  
  163  20:40  Liberator  
  165  20:45  Medivac  
  165  20:48  Marine  
  165  20:49  Marine  
  169  20:51  Marine  
  169  20:52  Ghost  
  169  20:53  Marauder  
  169  20:55  Marine  
  175  20:58  Siege Tank  
  175  20:59  Widow Mine  
  183  21:05  Cyclone  
  183  21:06  Marine  
  183  21:07  Widow Mine  
  183  21:08  Medivac  
  183  21:10  Marine x2  
  193  21:11  High Capacity Fuel Tanks  
  193  21:13  Marauder  
  193  21:14  Ghost  
  193  21:15  Viking  
  199  22:20  Refinery  
  199  22:27  Marauder x2  
  199  22:28  Marauder  
  199  22:29  Viking  
  197  22:30  Viking  
  197  22:31  Viking, Marine  
  197  22:32  Marine x2  
  188  22:41  Siege Tank  
  188  22:45  Cyclone  
  188  22:48  Marine, Marauder  
  188  22:49  Marine  
  188  22:50  Marauder  
  197  22:56  Marine  
  198  22:59  Medivac  
  199  23:15  Liberator  
  199  23:17  Liberator  
  199  23:18  Liberator  
  199  23:31  Marine, Ghost, SCV  
  199  23:33  Marine  
  198  23:35  Marine  
  198  23:36  Marine  
  198  23:37  Marine  
  197  23:49  Marauder  
  197  23:51  Marine  
  199  23:57  Marine  
  199  23:58  Marine  
  199  24:00  Marine  
  196  24:05  Marine  
  196  24:08  Marine  
  198  24:10  Marauder  
  200  24:17  Viking  
  200  24:19  Marauder  
  200  24:24  Marine  
  200  24:25  Marine, Marauder  
  200  24:26  Viking, Marine  
  200  24:28  Viking  
  200  24:31  Widow Mine  
  196  24:32  Marauder  
  196  24:33  Widow Mine  
  196  24:35  Widow Mine  
  196  24:38  Widow Mine  
  196  24:40  Marine  
  196  24:41  Liberator  
  196  24:42  Marine  
  196  24:44  Marine x2  
  189  24:46  Marauder  
  189  24:47  Medivac  
  189  24:53  Marine  
  189  24:56  Viking  
  189  24:58  Ghost  
  187  25:00  Marine, Cyclone  
  187  25:02  Siege Tank  
  187  25:03  Widow Mine  
  191  25:07  Ghost  
  191  25:11  Marauder  
  190  25:15  Cyclone  
  190  25:16  Marine  
  190  25:17  Medivac  
  190  25:21  Marine  
  191  25:22  Marine  
  191  25:26  Viking  
  191  25:27  Marauder  
  193  25:32  Marine  
  193  25:34  Command Center  
  193  25:35  Ghost  
  193  25:41  Viking  
  193  25:42  Marine x2  
  195  25:43  Marine  
  195  25:47  Raven  
  195  25:48  Marauder  
  200  25:50  Marine  
  200  25:56  Medivac  
  197  26:00  Marine x2  
  199  26:34  Viking  
  199  26:46  Marauder  
  200  26:50  Planetary Fortress, Refinery  
  200  27:08  Missile Turret, Command Center  
  200  27:10  Missile Turret  
  200  27:13  Missile Turret  
  200  27:14  Marauder, SCV, Refinery  
  200  27:15  Raven  
  200  27:27  Marauder  
  197  27:53  Marine, Marauder  
  200  28:28  Planetary Fortress, Refinery  
  200  28:37  Missile Turret  
  200  28:46  Missile Turret  
  200  28:48  Raven  
  200  28:54  Marine, Liberator, Missile Turret  
  200  28:55  Marine, Refinery, Marauder x2  
  199  28:56  Marine x2  
  195  29:08  Viking  
  195  29:09  Terran Ship Weapons Level 1  
  200  29:45  Liberator  
  200  29:48  Marine  
  200  29:49  Marine  
  200  29:50  Marine x2  
  200  29:51  Marine x2  
  200  29:52  Raven  
  195  30:04  Viking  
  200  30:12  Marine  
  200  30:13  Marine  
  200  30:15  Marine  
  200  30:16  Marine  
  200  30:23  Marine  
  199  31:04  Terran Ship Weapons Level 2  
  199  32:14  Command Center  
  199  33:29  Planetary Fortress  
  199  33:30  Refinery  
  199  33:40  Missile Turret  
  199  33:58  Missile Turret  
  199  34:01  Missile Turret  
  199  34:18  Refinery  
  199  34:42  Command Center  
Show
View Real Time Build Order
Export as new Build Order

A.I. 2 (Elite) Terran 

Build Orders: Bio Tank 

Get SALT Encoding   

  12  0:00  SCV  
  13  0:13  SCV  
  14  0:19  Supply Depot  
  14  0:25  SCV  
  15  0:41  SCV  
  16  0:45  Barracks  
  16  0:53  SCV  
  17  1:05  SCV  
  18  1:12  Refinery  
  18  1:14  Supply Depot  
  18  1:17  SCV  
  19  1:29  SCV  
  20  1:34  Marine  
  21  1:45  Command Center  
  21  2:09  Barracks  
  21  2:10  SCV  
  21  2:14  Marine  
  23  2:17  Factory  
  23  2:22  SCV  
  24  2:28  Supply Depot  
  24  2:33  Marine  
  24  2:34  SCV  
  26  2:46  SCV  
  26  2:50  Marine  
  28  2:58  Orbital Command, SCV  
  28  3:03  Factory Tech Lab  
  29  3:07  Refinery  
  29  3:15  Orbital Command  
  29  3:17  Marine  
  30  3:21  Marine  
  30  3:26  SCV  
  32  3:35  Marine  
  32  3:38  Marine, SCV  
  32  3:41  SCV  
  36  3:50  SCV, Barracks  
  36  3:53  Marine, SCV  
  39  3:57  Barracks Tech Lab  
  39  4:02  SCV  
  39  4:05  SCV  
  39  4:06  Supply Depot  
  41  4:11  Barracks Tech Lab  
  41  4:15  Marine, SCV  
  41  4:16  Stimpack  
  43  4:17  SCV  
  43  4:22  Siege Tank  
  47  4:27  SCV  
  47  4:29  SCV, Combat Shields  
  49  4:31  Marine  
  49  4:33  Marine  
  49  4:36  Marine  
  52  4:39  Supply Depot, SCV  
  52  4:44  SCV  
  53  4:50  Marine, Marauder  
  53  4:51  SCV  
  57  4:56  SCV  
  58  5:03  SCV  
  59  5:08  SCV  
  59  5:09  Barracks Reactor, Engineering Bay, Marauder  
  59  5:11  Marauder  
  64  5:15  SCV  
  64  5:16  Supply Depot  
  64  5:20  Command Center  
  65  5:30  SCV  
  65  5:31  SCV  
  65  5:33  Marauder  
  69  5:36  Terran Infantry Weapons Level 1  
  69  5:39  Supply Depot  
  69  5:40  Marauder  
  71  5:43  SCV  
  71  5:44  SCV  
  73  5:51  Engineering Bay  
  73  5:53  Siege Tank  
  73  5:54  Marauder  
  78  6:01  Refinery, SCV, Marauder  
  81  6:04  Supply Depot  
  81  6:10  Refinery  
  81  6:13  Missile Turret  
  81  6:15  Marauder  
  81  6:16  Terran Infantry Armor Level 1, Concussive Shells  
  83  6:21  Missile Turret  
  83  6:22  Marauder  
  83  6:24  SCV  
  86  6:27  Supply Depot  
  86  6:32  SCV x2  
  88  6:34  Barracks  
  88  6:35  Siege Tank  
  88  6:36  SCV  
  88  6:37  Marauder  
  94  6:44  SCV  
  94  6:45  SCV  
  96  6:48  SCV  
  97  6:55  Missile Turret  
  97  6:56  SCV  
  97  6:58  Missile Turret, SCV  
  97  7:00  SCV  
  100  7:05  Starport  
  100  7:07  Siege Tank  
  100  7:08  SCV  
  104  7:11  Orbital Command, Supply Depot  
  104  7:13  Marine, SCV  
  104  7:15  Marine  
  107  7:20  SCV  
  108  7:25  SCV  
  108  7:29  Missile Turret  
  109  7:31  Marauder  
  109  7:32  SCV  
  109  7:34  Marauder  
  109  7:36  Supply Depot  
  114  7:37  SCV  
  114  7:38  SCV  
  114  7:39  Siege Tank  
  114  7:41  Medivac  
  121  7:44  SCV  
  121  7:47  Refinery  
  121  7:51  Missile Turret  
  122  7:54  Refinery  
  122  7:58  SCV  
  123  7:59  SCV x2  
  123  8:00  Supply Depot  
  125  8:10  SCV, Widow Mine  
  125  8:11  Missile Turret  
  125  8:12  Starport Reactor, Command Center  
  128  8:22  SCV  
  128  8:24  Armory  
  128  8:26  Supply Depot  
  129  8:36  Marine x3, Marauder  
  129  8:37  Marine  
  129  8:39  Widow Mine  
  115  8:49  Factory, Medivac  
  115  8:50  Medivac  
  115  8:54  Marine x4  
  123  8:57  Marine  
  123  8:58  Starport  
  123  9:01  Supply Depot  
  124  9:06  Armory  
  124  9:07  Widow Mine  
  124  9:08  Hi-Sec Auto Tracking  
  126  9:10  Terran Infantry Weapons Level 2  
  126  9:12  Marine x2, Marauder  
  126  9:13  Marine  
  126  9:15  Marine  
  111  9:29  Marine  
  111  9:31  Marine  
  101  9:32  Marine, Planetary Fortress, Refinery  
  101  9:33  Marauder  
  101  9:34  Factory Tech Lab, Marauder  
  101  9:36  Widow Mine  
  101  9:37  Missile Turret, Starport Tech Lab  
  108  9:43  Missile Turret  
  108  9:50  Medivac  
  108  9:52  Siege Tank  
  113  9:53  Command Center, Barracks  
  113  9:54  Barracks Tech Lab, Marauder  
  113  9:55  Raven, Marauder  
  119  10:05  Building Armor, Siege Tank  
  122  10:15  High Capacity Fuel Tanks  
  122  10:16  Marauder  
  122  10:17  Marauder  
  122  10:18  Marauder  
  128  10:24  Marine, Siege Tank  
  128  10:28  Marine, Liberator  
  133  10:36  Liberator  
  133  10:37  Cyclone, Marauder  
  133  10:38  Marine, Raven, Refinery  
  133  10:39  Marauder  
  133  10:40  Marine  
  133  10:41  Marine  
  145  10:43  Supply Depot  
  145  10:45  Marine  
  149  10:56  Siege Tank, Marauder  
  157  10:58  Marine  
  157  10:59  Marine  
  157  11:02  Marauder  
  161  11:05  Marine  
  161  11:06  Marine  
  161  11:09  Cyclone  
  166  11:17  Planetary Fortress, Refinery  
  166  11:18  Marauder  
  168  11:19  Supply Depot  
  168  11:21  Missile Turret  
  168  11:22  Viking  
  168  11:24  Missile Turret  
  170  11:27  Ghost Academy, Command Center  
  170  11:28  Widow Mine  
  170  11:31  Refinery  
  172  11:38  Terran Infantry Weapons Level 3  
  172  11:41  Siege Tank  
  172  11:46  Viking  
  177  11:50  Viking  
  179  11:57  Siege Tank  
  179  11:58  Ghost, Terran Vehicle Weapons Level 1  
  179  12:00  Terran Vehicle And Ship Armor Level 1  
  184  12:01  Factory  
  184  12:05  Infernal Pre-Igniter  
  184  12:09  Marauder x2  
  184  12:13  Widow Mine  
  177  12:23  SCV  
  177  12:25  SCV  
  177  12:27  Marauder  
  177  12:28  SCV  
  177  12:29  Hellion  
  169  12:30  SCV, Marauder  
  169  12:34  SCV  
  169  12:36  SCV  
  160  12:38  SCV  
  160  12:39  SCV  
  160  12:41  SCV  
  160  12:42  Siege Tank, SCV  
  156  12:45  Hellion  
  156  12:49  SCV  
  156  12:50  Hellion  
  141  13:02  SCV  
  141  13:03  SCV  
  141  13:04  SCV  
  127  13:05  SCV  
  127  13:07  SCV  
  127  13:12  Hellion  
  129  13:13  Hellion  
  129  13:14  Siege Tank, SCV  
  129  13:18  SCV  
  134  13:21  SCV  
  134  13:24  SCV  
  138  13:34  Hellion  
  138  13:39  Hellion  
  140  13:41  Command Center  
  140  13:46  Thor  
  140  13:47  Missile Turret  
  146  14:00  Orbital Command, Missile Turret  
  146  14:01  Factory Tech Lab  
  146  14:04  Missile Turret  
  146  14:06  Missile Turret  
  146  14:07  Raven  
  148  14:12  Factory  
  148  14:14  Cyclone  
  151  14:19  Cyclone  
  151  14:21  Terran Infantry Armor Level 2, Liberator  
  154  14:28  Missile Turret  
  154  14:29  Thor  
  154  14:31  Supply Depot  
  160  14:35  Marauder x2  
  161  14:39  Marine  
  161  14:40  Marine  
  161  14:41  Marine  
  143  14:47  Factory Tech Lab  
  143  14:51  Viking, Hellion  
  147  14:55  Viking  
  147  14:56  Marine x2  
  147  14:57  Marine  
  147  14:59  Marine  
  152  15:06  Siege Tank  
  156  15:07  Liberator  
  156  15:12  Siege Tank  
  159  15:14  Marauder x2  
  163  15:21  Viking x2  
  170  15:34  Liberator x2  
  175  15:35  Siege Tank  
  175  15:36  Marauder x2  
  177  15:45  Siege Tank  
  177  15:49  Planetary Fortress  
  180  15:50  Liberator  
  188  15:57  Marauder x2  
  183  16:15  Marine, Factory Tech Lab  
  183  16:17  Marine, Liberator x2  
  167  16:18  Marauder  
  167  16:19  Marine, Marauder  
  167  16:20  SCV  
  167  16:21  SCV  
  167  16:22  SCV  
  167  16:25  SCV x2  
  161  16:28  SCV  
  161  16:31  Hellion  
  161  16:33  Marine  
  161  16:35  Hellion  
  161  16:37  Marine  
  166  16:40  Marauder x2  
  166  16:43  Siege Tank  
  171  16:48  Armory  
  171  16:50  Raven  
  173  16:55  Hellion  
  173  16:56  Siege Tank  
  173  17:00  Liberator  
  180  17:01  Marauder  
  180  17:11  Terran Infantry Armor Level 3  
  180  17:14  Terran Vehicle Weapons Level 2  
  182  17:15  Hellion  
  182  17:16  Siege Tank  
  182  17:17  Viking  
  182  17:20  Missile Turret  
  190  17:28  Siege Tank  
  193  17:33  Medivac  
  193  17:36  Siege Tank  
  198  17:57  Missile Turret  
  198  17:58  Missile Turret  
  198  18:02  Missile Turret  
  198  18:03  Raven  
  200  18:06  Missile Turret  
  200  18:12  Missile Turret  
  200  18:22  Terran Vehicle And Ship Armor Level 2  
  200  18:33  Missile Turret  
  200  18:34  Command Center  
  200  18:52  Factory  
  200  19:06  Barracks Tech Lab, Barracks  
  200  19:16  Fusion Core  
  200  19:30  Terran Vehicle Weapons Level 3  
  200  19:48  Marine  
  200  19:50  Marine x2, SCV  
  200  19:51  Marine, Planetary Fortress, Missile Turret, Marauder  
  200  19:52  Raven  
  177  19:53  Viking, SCV  
  177  19:54  Viking, SCV  
  177  19:57  SCV  
  177  19:58  Siege Tank  
  177  19:59  Marine  
  151  20:00  SCV x2  
  151  20:02  SCV, Widow Mine  
  151  20:04  Missile Turret  
  151  20:05  SCV  
  151  20:06  Marine, Liberator  
  151  20:07  SCV  
  129  20:08  Marine  
  129  20:09  Marauder x2  
  129  20:13  Widow Mine, SCV, Marauder  
  125  20:15  SCV  
  125  20:17  Marine  
  125  20:20  SCV  
  128  20:24  Viking, Marine  
  128  20:25  Marine  
  131  20:30  SCV, Marauder  
  131  20:31  SCV, Marauder  
  131  20:34  Missile Turret, Marauder  
  131  20:35  Marine, Viking  
  135  20:36  SCV  
  135  20:38  Missile Turret  
  135  20:42  Marine  
  137  20:43  Marine  
  137  20:44  Siege Tank  
  137  20:49  Widow Mine  
  141  20:51  Missile Turret, Marauder, Widow Mine  
  141  20:52  Marine  
  141  20:54  Marine, Medivac  
  153  20:57  Marauder  
  153  21:00  Marine  
  153  21:01  Marine  
  155  21:04  Raven  
  155  21:05  Cyclone  
  155  21:06  Viking, Liberator  
  155  21:09  Marine  
  163  21:12  Marine  
  163  21:13  Marauder  
  163  21:15  Terran Vehicle And Ship Armor Level 3  
  163  21:16  Siege Tank  
  163  21:17  Marine  
  172  21:18  Cyclone, Marauder  
  172  21:19  Marine, Liberator  
  172  21:24  Siege Tank  
  182  21:28  Marauder  
  182  21:29  Marine  
  182  21:30  Liberator  
  185  21:33  Ghost  
  185  21:35  Marine  
  185  21:37  Command Center, Widow Mine  
  195  21:40  Marauder  
  198  22:04  Liberator  
  198  22:06  Medivac  
  200  22:19  Liberator  
  196  22:26  Siege Tank  
  196  22:27  Siege Tank  
  181  22:30  Viking, Marine  
  181  22:31  Marine x2  
  181  22:32  Marine, Marauder  
  181  22:33  Marauder, Widow Mine  
  181  22:34  Widow Mine  
  134  22:48  Marine  
  134  22:49  Marine, Marauder  
  134  22:50  Marine  
  134  22:51  Planetary Fortress  
  127  22:52  Ghost  
  127  22:54  Marine  
  127  22:57  Widow Mine  
  128  22:59  Cyclone  
  128  23:00  Medivac  
  128  23:01  Widow Mine  
  128  23:02  Liberator, Missile Turret  
  128  23:03  Cyclone  
  128  23:04  Missile Turret, Medivac  
  140  23:06  Marine  
  140  23:08  Marine  
  140  23:09  Marine  
  140  23:11  Marauder  
  140  23:12  Marauder  
  147  23:17  Liberator  
  147  23:18  Missile Turret  
  150  23:21  Marine  
  150  23:24  Marine  
  150  23:26  Marine, Widow Mine  
  155  23:27  Marine  
  155  23:30  Medivac  
  155  23:31  Siege Tank, Ghost  
  155  23:32  SCV  
  155  23:33  Marauder  
  166  23:34  SCV  
  166  23:35  SCV x2  
  166  23:39  Marine  
  164  23:45  Liberator  
  164  23:47  SCV  
  137  23:48  SCV  
  137  23:50  SCV  
  137  23:51  SCV  
  137  23:52  Marine x2, SCV x3  
  137  23:55  Marine, Siege Tank, Marauder  
  136  23:57  Marauder  
  136  24:00  Raven  
  136  24:01  Marauder  
  129  24:03  Siege Tank  
  117  24:10  Marine x2  
  117  24:12  SCV  
  117  24:13  Marine  
  117  24:16  Marauder  
  117  24:17  Viking, SCV  
  124  24:19  Marauder  
  124  24:21  Marine, SCV  
  120  24:25  SCV  
  120  24:26  Liberator  
  120  24:27  Marine, Siege Tank  
  120  24:28  Marine  
  106  24:35  Siege Tank, SCV x2  
  106  24:36  SCV  
  106  24:37  SCV, Marauder  
  111  24:39  SCV x2  
  111  24:40  Marauder  
  111  24:41  SCV  
  111  24:45  Marine, Missile Turret  
  110  24:46  Marine  
  110  24:47  SCV  
  110  24:51  SCV  
  110  24:52  SCV  
  108  24:54  SCV  
  108  24:55  SCV  
  108  24:56  SCV  
  108  24:58  SCV  
  108  24:59  Siege Tank, Marauder  
  98  25:01  Marine  
  98  25:03  SCV  
  98  25:04  Marine  
  93  25:09  SCV x2  
  93  25:10  SCV  
  93  25:13  Command Center  
  85  25:14  SCV  
  85  25:16  SCV  
  85  25:19  SCV  
  84  25:31  Siege Tank  
  84  25:33  Refinery  
  81  25:35  Refinery  
  81  25:37  SCV  
  81  25:39  Refinery  
  81  25:40  SCV  
  81  25:42  Refinery  
  81  25:45  SCV x2  
  74  25:50  SCV  
  74  25:51  SCV  
  74  25:56  SCV  
  73  25:57  Refinery  
  73  26:02  SCV, Refinery  
  73  26:03  Siege Tank  
  76  26:07  SCV x3, Barracks  
  76  26:08  SCV x2  
  71  26:14  SCV  
  68  26:19  SCV  
  68  26:21  SCV  
  66  26:29  SCV  
  66  26:31  SCV x3  
  60  26:34  SCV  
  60  26:35  Siege Tank  
  53  26:41  SCV  
  53  26:43  SCV x3  
  53  26:46  SCV  
  56  26:51  Command Center  
  56  26:54  SCV  
  54  26:55  SCV x2, Command Center  
  54  26:58  Starport  
  52  27:01  Command Center  
  52  27:08  Refinery  
  52  27:10  Hellion  
  52  27:12  SCV, Engineering Bay  
  52  27:13  SCV  
  52  27:14  SCV  
  52  27:15  SCV  
  46  27:24  SCV  
  46  27:25  SCV  
  46  27:26  SCV  
  46  27:27  Starport  
  46  27:28  SCV  
  48  27:34  Barracks  
  48  27:36  SCV  
  46  27:37  Supply Depot  
  46  27:38  SCV  
  46  27:39  SCV  
  43  27:49  SCV  
  43  27:50  SCV  
  34  28:08  SCV, Supply Depot  
  34  28:09  SCV  
  34  28:12  SCV  
  37  28:15  SCV x2  
  37  28:20  SCV  
  37  28:29  Marine  
  37  28:31  Command Center  
  35  28:47  Marine, Command Center  
  35  28:48  Orbital Command  
  35  28:52  SCV  
  36  28:57  Factory  
  32  29:04  Marine  
  32  29:09  Command Center  
  23  29:14  Barracks  
  23  29:23  Barracks Tech Lab  
  16  29:45  Starport Tech Lab  
  15  29:59  Command Center  
  6  30:29  SCV x2  
  4  30:41  SCV x2  
  6  30:53  SCV  
  7  31:01  SCV  
  8  32:15  Command Center  
  8  33:20  Command Center  
Tags
 
Composition
Bio TankMMM Bio
Matchup
TvT
Race
Terran
Spawn Locations
Close Positions
Add a new tag
Caveats
  • Supply blocks, unpowered buildings, or Contaminate may cause inaccurate times.
  • Supply counts are checked every 10 seconds.